 Dungeon Crawl Stone Soup version 0.18.1-47-g9310371 (webtiles) character file.

11986 Gagarin the Cleaver (level 11, -14/94 HPs)
             Began as a Centaur Gladiator on June 17, 2016.
             Was a High Priest of Okawaru.
             Demolished by a hill giant
             ... wielding a +0 giant club
              (34 damage)
             ... on level 11 of the Dungeon.
             The game lasted 00:53:02 (15626 turns).

Gagarin the Cleaver (Centaur Gladiator)            Turns: 15626, Time: 00:53:03

Health: -14/94     AC: 17    Str: 26    XL:     11   Next: 56%
Magic:  11/11      EV: 12    Int: 10    God:    Okawaru [*****.]
Gold:   413        SH:  0    Dex: 15    Spells: 0 memorised, 10 levels left

rFire  . . .     SeeInvis .     v - +2 executioner's axe
rCold  x . .     Gourm    .     H - +3 leather armour "Gextei" {rC- Str+4 Dex+3}
rNeg   . . .     Faith    +     (shield currently unavailable)
rPois  .         Spirit   .     i - +0 helmet
rElec  .         Dismiss  .     w - +0 cloak
rCorr  .         Reflect  .     (no gloves)
SustAt .         Harm     .     t - +2 centaur barding
MR     .....                    x - amulet of faith
Stlth  +.........               y - +3 ring of intelligence
                                O - +3 ring of dexterity

@: very quick, not resistant to hostile enchantments, very unstealthy
A: hooves 3, deformed body, speed 2, tough skin 3
a: Heroism, Finesse, Renounce Religion


You were on level 11 of the Dungeon.
You worshipped Okawaru.
Okawaru was extremely pleased with you.
You were not hungry.

You visited 3 branches of the dungeon, and saw 13 of its levels.

You collected 877 gold pieces.
You spent 464 gold pieces at shops.

Inventory:

Hand Weapons
 v - a +2 executioner's axe (weapon)
 I - a +5 battleaxe of electrocution
 R - a +0 shortbow
Missiles
 b - 7 javelins of penetration (quivered)
 e - 6 silver tomahawks
 h - 134 arrows
 F - 5 throwing nets
 N - 2 poisoned javelins
 U - 5 tomahawks of returning
 Z - 5 exploding tomahawks
Armour
 i - a +0 helmet (worn)
 q - the +0 ring mail of the Devil's Advocate {rF+ rC+ Dex-2 SInv}
   (You bought it in a shop on level 9 of the Dungeon)

   It affects your dexterity (-2).
   It protects you from fire.
   It protects you from cold.
   It lets you see invisible.
 t - a +2 centaur barding (worn)
 w - a +0 cloak (worn)
 H - the +3 leather armour "Gextei" (worn) {rC- Str+4 Dex+3}
   (You found it on level 5 of the Dungeon)

   It affects your strength (+4).
   It affects your dexterity (+3).
   It makes you vulnerable to cold.
 W - a mottled dragon hide
Jewellery
 a - an uncursed ring of fire
 p - an uncursed ring of stealth
 x - an amulet of faith (around neck)
 y - a +3 ring of intelligence (right hand)
 J - an uncursed ring of magical power
 O - a +3 ring of dexterity (left hand)
Wands
 g - a wand of random effects (23/48)
 l - a wand of confusion (11/48)
 s - a wand of slowing (22/48)
 u - a wand of lightning (10/15)
 B - a wand of lightning (7/15)
 G - a wand of confusion (14/48)
 P - a wand of polymorph (12/24)
 S - a wand of confusion (21/48)
 Y - a wand of teleportation (5/9)
Scrolls
 j - 2 scrolls of magic mapping
 k - 2 scrolls of fear
 m - 4 scrolls of remove curse
 r - 3 scrolls of identify
 D - a scroll of blinking
 E - 2 scrolls of amnesia
 K - 2 scrolls of teleportation
Potions
 c - a potion of flight
 d - a potion of experience {unknown}
 n - 3 potions of haste
 z - a potion of agility
 T - a potion of brilliance {unknown}
 V - a potion of resistance {unknown}
 X - 2 potions of magic {unknown}
Books
 M - a book of the Earth

   Spells                             Type                      Level
   a - Leda's Liquefaction            Hexes/Earth                  4
   b - Bolt of Magma                  Conjuration/Fire/Earth       5
   c - Statue Form                    Transmutation/Earth          6
   d - Iron Shot                      Conjuration/Earth            6
   e - Shatter                        Earth                        9
 Q - a book of Envenomations

   Spells                             Type                      Level
   a - Spider Form                    Transmutation/Poison         3
   b - Olgreb's Toxic Radiance        Poison                       4
   c - Alistair's Intoxication        Transmutation/Poison         5
   d - Poisonous Cloud                Conjuration/Poison/Air       6
Miscellaneous
 C - a plain deck of escape
Comestibles
 f - 9 bread rations
 o - 3 slices of pizza


   Skills:
 + Level 7.9 Fighting
 + Level 9.3 Axes
 + Level 4.4 Bows
 + Level 3.5 Throwing
 + Level 4.8 Armour
 + Level 8.5 Dodging
 + Level 3.3 Stealth
 + Level 0.2 Invocations
 + Level 0.6 Evocations


You had 10 spell levels left.
You didn't know any spells.

Dungeon Overview and Level Annotations

Branches:
Dungeon (11/15)            Temple (1/1) D:5            Lair (1/8) D:11
    Orc (0/2) D:9

Altars:
Ashenzari
Cheibriados
Dithmenos
Elyvilon
Fedhas
Gozag
Kikubaaqudgha
Makhleb
Nemelex Xobeh
Okawaru
Pakellas
Qazlal
Ru
Sif Muna
Trog
Vehumet
Xom
Yredelemnul
Zin
The Shining One

Shops:
D:4 =   D:5 ?   D:9 *[!([

Annotations:
D:10 Malvoorn's ghost, journeyman TrMo


Innate Abilities, Weirdness & Mutations

You have hooves in place of feet.
Armour fits poorly on your strangely shaped body.
You cover ground very quickly.
You have extremely tough skin (AC +3).


Message History

You slash the hill giant!
You kick the hill giant, but do no damage.
The hill giant is heavily wounded.
The hill giant hits you with a giant club!
You hit the hill giant.
The hill giant is severely wounded.
The hill giant misses you.
You hit the hill giant. You kick the hill giant.
The hill giant is severely wounded.
The hill giant hits you but does no damage.
You hit the hill giant. Your kick misses the hill giant.
The hill giant is almost dead.
The hill giant hits you with a giant club!!
* * * LOW HITPOINT WARNING * * *
You barely miss the hill giant.
You kick the hill giant, but do no damage.
The hill giant is almost dead.
The hill giant closely misses you.
The hill giant hits you with a giant club!!
You die...

.###'###.....)## #..
....###'#(## #..
....#...#...
#.#####.#...#...
#.....(.#...#...
#..((...'...#...
#####.(.....#...#...
#...>...##..#...#..#
#..@C.......#...#..#
#...........'...#..#
#....############..#
#....# #...(.(.#
###### #..(#...#
#(..#.... #...#....
#...#.... #........


You could see a hill giant.

Vanquished Creatures
  Sonja (D:11)
  5 hill giants
  Pikel (D:7)
  A cyclops (D:11)
  A centaur skeleton (D:11)
  2 gargoyles
  A komodo dragon (Lair:1)
  Sigmund (D:6)
  A spriggan (D:7)
  A vampire (D:10)
  4 yaks (D:9)
  A steam dragon (D:9)
  A wraith (D:10)
  Eustachio (D:6)
  A wyvern (D:9)
  2 hippogriffs
  3 hungry ghosts
  A mottled dragon (D:11)
  Menkaure (D:6)
  A water moccasin (D:7)
  2 porcupines
  2 wasps
  2 sky beasts
  3 ice beasts
  A black bear (D:10)
  5 phantoms
  5 ogres
  3 centaurs
  A crocodile (D:8)
  4 giant frogs
  Blork the orc (D:6)
  A water moccasin zombie (D:8)
  A water moccasin skeleton (D:5)
  A scorpion (D:11)
  3 killer bees (D:11)
  5 wights (D:6)
  3 howler monkeys
  3 jellies
  A centaur zombie (D:5)
  4 crimson imps
  A quasit (D:9)
  3 giant frog skeletons
  3 gnoll shamans (D:6)
  6 hounds
  Crazy Yiuf (D:2)
  4 orc priests
  2 iguanas
  6 orc wizards
  6 worker ants
  A killer bee zombie (D:11)
  A hound skeleton (D:4)
  A worker ant zombie (D:11)
  A howler monkey skeleton (D:5)
  44 gnolls
  11 adders
  2 shadow imps
  2 oozes
  2 adder skeletons
  4 worms
  3 dart slugs
  10 giant geckos
  34 orcs
  A ball python (D:5)
  12 bats
  9 giant cockroaches
  7 goblins
  7 hobgoblins
  20 jackals
  8 kobolds
  3 quokkas
  2 giant gecko zombies
  7 giant newts
  A jackal skeleton (D:4)
  2 jackal zombies
  2 quokka skeletons
  10 rats
321 creatures vanquished.

Vanquished Creatures (others)
  A two-headed ogre (D:9)
  A wyvern (D:9)
  2 slaves (D:7)
  A centaur (D:9)
  A scorpion (D:9)
  A wight (D:9)
  A crimson imp (D:9)
  A gnoll (D:9)
  2 giant geckos (D:7)
  3 orcs
14 creatures vanquished.

Grand Total: 335 creatures vanquished

Notes
Turn   | Place    | Note
--------------------------------------------------------------
     0 | D:1      | Gagarin the Centaur Gladiator began the quest for the Orb.
     0 | D:1      | Reached XP level 1. HP: 17/17 MP: 1/1
   157 | D:1      | Reached XP level 2. HP: 18/24 MP: 2/2
   188 | D:1      | Reached skill level 3 in Axes
   673 | D:1      | Reached XP level 3. HP: 28/30 MP: 3/3
  2026 | D:2      | Noticed Crazy Yiuf
  2037 | D:2      | Killed Crazy Yiuf
  2037 | D:2      | Reached XP level 4. HP: 37/37 MP: 4/4
  3053 | D:3      | Reached skill level 1 in Armour
  3055 | D:3      | Found a glowing golden altar of the Shining One.
  3080 | D:3      | Found a sparkling altar of Nemelex Xobeh.
  3322 | D:4      | Found Ibadwes's Jewellery Emporium.
  3338 | D:4      | Reached XP level 5. HP: 32/44 MP: 5/5
  3911 | D:4      | Reached skill level 4 in Axes
  3911 | D:4      | Reached XP level 6. HP: 23/51 MP: 6/6
  4197 | D:4      | Noticed a hungry ghost
  4458 | D:4      | Killed a hungry ghost
  4458 | D:4      | Reached XP level 7. HP: 39/57 MP: 7/7
  4801 | D:5      | Entered Level 5 of the Dungeon
  4859 | D:5      | Got a bronze leather armour
  4871 | D:5      | Identified the +3 leather armour "Gextei" {rC- Str+4 Dex+3} (You found it on level 5 of the Dungeon)
  5093 | D:5      | Found a glowing silver altar of Zin.
  5102 | D:5      | Found an opulent altar of Gozag.
  5208 | D:5      | Reached XP level 8. HP: 33/66 MP: 8/8
  5415 | D:5      | Found a radiant altar of Vehumet.
  5432 | D:5      | Reached skill level 5 in Axes
  5477 | D:5      | Found Jiegeg's Magic Scroll Emporium.
  5482 | D:5      | Bought a scroll of enchant armour for 75 gold pieces
  5482 | D:5      | Bought a scroll of teleportation for 30 gold pieces
  5482 | D:5      | Bought a scroll of remove curse for 30 gold pieces
  5482 | D:5      | Bought a scroll of fear for 35 gold pieces
  5652 | D:5      | Found a staircase to the Ecumenical Temple.
  5661 | Temple   | Entered the Ecumenical Temple
  5719 | Temple   | Became a worshipper of Warmaster Okawaru
  5849 | D:6      | Noticed Menkaure
  5852 | D:6      | Killed Menkaure
  5852 | D:6      | Reached skill level 1 in Stealth
  6126 | D:6      | Noticed Blork the orc
  6140 | D:6      | Killed Blork the orc
  6200 | D:6      | Noticed Eustachio
  6287 | D:6      | Killed Eustachio
  6287 | D:6      | Reached skill level 5 in Dodging
  6621 | D:6      | Found a shattered altar of Ashenzari.
  6621 | D:6      | Found a sacrificial altar of Ru.
  6661 | D:6      | Reached * piety under Okawaru
  7291 | D:6      | Noticed Sigmund
  7310 | D:6      | Reached skill level 6 in Axes
  7474 | D:6      | Killed Sigmund
  7474 | D:6      | Reached XP level 9. HP: 72/73 MP: 9/9
  7540 | D:6      | Reached skill level 5 in Fighting
  7877 | D:6      | Reached ** piety under Okawaru
  8351 | D:7      | Noticed Pikel
  8367 | D:7      | Killed Pikel
  8367 | D:7      | Reached skill level 7 in Axes
  8505 | D:7      | Noticed a hill giant
  8620 | D:7      | Killed a hill giant
  8620 | D:7      | Reached *** piety under Okawaru
  8620 | D:7      | Reached skill level 1 in Bows
  9188 | D:7      | Reached XP level 10. HP: 83/83 MP: 10/10
  9924 | D:8      | Received a gift from Okawaru
 10596 | D:9      | Found Soadupn's Distillery.
 10604 | D:9      | Reached skill level 8 in Axes
 10610 | D:9      | Reached **** piety under Okawaru
 10616 | D:9      | Bought a potion of degeneration for 15 gold pieces
 10616 | D:9      | Bought a potion of lignification for 45 gold pieces
 10634 | D:9      | Found Vaikeasu's Armour Shoppe.
 10661 | D:9      | Found Xushryvu's Assorted Antiques.
 10740 | D:9      | Found Nakuw's Antique Weapon Shoppe.
 10746 | D:9      | Found a staircase to the Orcish Mines.
 10858 | D:9      | Found a shadowy altar of Dithmenos.
 10876 | D:9      | Found Homuk's Antique Armour Emporium.
 10884 | D:9      | Bought a translucent ring mail for 234 gold pieces
 10894 | D:9      | Identified the +0 ring mail of the Devil's Advocate {rF+ rC+ Dex-2 SInv} (You bought it in a shop on level 9 of the Dungeon)
 11126 | D:9      | Paralysed by a wasp for 1 turns
 11153 | D:9      | Received a gift from Okawaru
 11211 | D:9      | Found a shimmering altar of Xom.
 11424 | D:10     | Entered Level 10 of the Dungeon
 11900 | D:10     | Noticed Malvoorn's ghost (journeyman TrMo)
 12261 | D:10     | Noticed a hill giant
 12295 | D:10     | Killed a hill giant
 12384 | D:10     | Noticed a hill giant
 12771 | D:10     | Noticed a hill giant
 12854 | D:10     | Killed a hill giant
 12854 | D:10     | Reached XP level 11. HP: 70/92 MP: 11/11
 13419 | D:10     | Killed a hill giant
 13419 | D:10     | Received a gift from Okawaru
 13419 | D:10     | Reached ***** piety under Okawaru
 13557 | D:10     | Noticed a hill giant
 13583 | D:10     | Killed a hill giant
 13583 | D:10     | Reached skill level 9 in Axes
 14035 | D:11     | Noticed Sonja
 14787 | D:11     | Killed Sonja
 14787 | D:11     | Received a gift from Okawaru
 14821 | D:11     | HP: 4/94 [poisoned by Sonja]
 14826 | D:11     | HP: 4/94 [poisoned by Sonja]
 14833 | D:11     | HP: 3/94 [poisoned by Sonja]
 14841 | D:11     | HP: 3/94 [poisoned by Sonja]
 15437 | D:11     | Found a staircase to the Lair.
 15458 | Lair:1   | Entered Level 1 of the Lair of Beasts
 15472 | D:11     | Received a gift from Okawaru
 15613 | D:11     | Noticed a hill giant
 15626 | D:11     | Demolished by a hill giant

Skill      XL: |  1  2  3  4  5  6  7  8  9 10 11 |
---------------+----------------------------------+-----
Axes           | 3 4 6 7 8 9 |  9.3
Armour         | 1 2 3 4 |  4.8
Dodging        | 3 4 5 6 7 8 |  8.5
Fighting       | 3 4 6 7 |  7.9
Throwing       | 3 |  3.5
Stealth        | 1 2 3 |  3.3
Bows           | 1 3 4 |  4.4
Invocations    | |  0.2
Evocations     | |  0.6

Action                   |  1- 3 |  4- 6 |  7- 9 | 10-12 || total
-------------------------+-------+-------+-------+-------++-------
Melee: War axe           |   128 |   212 |   383 |       ||   723
       Kick              |    21 |    40 |   133 |   114 ||   308
       Battleaxe         |       |       |    75 |   174 ||   249
       Executioner's axe |       |       |       |   188 ||   188
 Fire: Shortbow          |       |       |    16 |    57 ||    73
Throw: Throwing net      |     1 |     4 |     2 |       ||     7
       Tomahawk          |       |    10 |     6 |       ||    16
       Javelin           |       |       |       |     6 ||     6
Invok: Heroism           |       |       |       |     1 ||     1
Evoke: Wand              |       |       |       |     7 ||     7
  Use: Scroll            |       |     4 |     5 |     9 ||    18
       Potion            |       |       |     2 |    10 ||    12
 Stab: Sleeping          |       |       |     8 |     5 ||    13
  Eat: Chunk             |     3 |    10 |    15 |    17 ||    45
       Meat ration       |       |     1 |       |     2 ||     3
       Beef jerky        |       |     1 |       |     1 ||     2
       Fruit             |       |       |       |     6 ||     6
       Bread ration      |       |       |       |     1 ||     1
Armor: Leather armour    |    56 |       |   227 |   303 ||   586
       Ring mail         |     7 |   142 |    62 |    20 ||   231
       Crystal plate arm |       |    99 |       |       ||    99
Dodge: Dodged            |    60 |    69 |   232 |   290 ||   651
